 Dungeon Crawl Stone Soup version 0.23.2-1-ga50397a6bc (webtiles) character file.

Game seed: 8877278623840925053

198 Mrkan the Slasher (level 5, 0/43 HPs)
             Began as a Barachi Fighter on May 20, 2019.
             Slain by a gnoll
             ... wielding a +0 whip
              (2 damage)
             ... on level 3 of the Dungeon.
             The game lasted 00:03:39 (2201 turns).

Mrkan the Slasher (Barachi Fighter)                 Turns: 2201, Time: 00:03:40

Health: 0/43       AC:  8    Str: 17    XL:     5   Next: 76%
Magic:  5/5        EV:  4    Int: 10    God:
Gold:   141        SH:  9    Dex: 11    Spells: 4/4 levels left

rFire    . . .     SeeInvis .   a - +0 long sword
rCold    . . .     Gourm    .   c - +0 shield
rNeg     . . .     Faith    .   k - -1 chain mail (curse)
rPois    .         Spirit   .   (no helmet)
rElec    .         Reflect  .   (no cloak)
rCorr    .         Harm     .   (no gloves)
MR       .....                  (no boots)
Stlth    ..........             (no amulet)
HPRegen  0.14/turn              (no ring)
MPRegen  0.09/turn              (no ring)

@: lethally poisoned (0 -> -1), slow
A: +LOS, swims, slowness 1, strong legs 1
a: Hop


You were on level 3 of the Dungeon.
You were not hungry.

You visited 1 branch of the dungeon, and saw 3 of its levels.

You collected 141 gold pieces.

Inventory:

Hand Weapons
 a - a +0 long sword (weapon)
Armour
 b - a +0 scale mail
 c - a +0 shield (worn)
 k - a cursed -1 chain mail (worn)
Scrolls
 g - a scroll of teleportation {unknown}
 h - a scroll of enchant weapon {unknown}
 j - 3 scrolls of identify {unknown}
 n - a scroll of remove curse {unknown}
Potions
 d - 2 potions of might
 e - 2 potions of heal wounds {unknown}
 i - a potion of ambrosia {unknown}
 l - a potion of mutation {unknown}
Comestibles
 f - 4 rations
 m - 4 chunks of flesh


   Skills:
 + Level 4.9 Fighting
 * Level 5.2 Long Blades
 - Level 3.6 Armour
 + Level 4.4 Shields


You had 4 spell levels left.
You didn't know any spells.
Your spell library was empty.

Dungeon Overview and Level Annotations

Branches:
Dungeon (3/15)

Altars:
Xom
The Shining One


Innate Abilities, Weirdness & Mutations

Shadows flee at your approach. (+LOS)
You can swim through water.
You cover ground slowly.
You can hop short distances.


Message History

The gnoll is lightly wounded.
The gnoll hits you but does no damage.
You hit the gnoll.
The gnoll is heavily wounded.
The gnoll hits you but does no damage.
You hit the gnoll.
The gnoll is almost dead.
You feel sick. The gnoll hits you but does no damage.
You closely miss the gnoll.
The gnoll is almost dead.
You block the gnoll's attack.
You slash the gnoll!
You kill the gnoll!
Your shield and chain mail prevent you from hitting the gnoll.
You feel sick. The gnoll barely misses you.
You closely miss the gnoll. The gnoll hits you with a +0 whip.
* * * LOW HITPOINT WARNING * * *
You completely miss the gnoll. You block the gnoll's attack.
The gnoll hits you with a +0 whip.
You die...

#......# #.....###.......
#......# #...............
#......####....#######....
#.....)..##...## #..##
#......#......# ......
######.###....# ....#.#
#.##.....# .##.....
#.##.##...... #.....
#.##@##.###... #. #..#g#
.. ## ##...# #.# ##..# ..
#..# ... ..... . .#.#.%..
###........ ##.......>


You could see a gnoll.

Vanquished Creatures
  An orc priest (D:2)
  Natasha (thrice) (D:2)
  2 gnolls (D:3)
  An adder (D:3)
  4 worms
  2 dart slugs (D:1)
  2 leopard geckos (D:1)
  4 orcs
  A giant cockroach (D:1)
  A hobgoblin (D:1)
  7 jackals
  4 bats
  2 frilled lizards (D:1)
  5 goblins
  3 kobolds
  7 rats
49 creatures vanquished.

Notes
Turn   | Place    | Note
-------+----------+-------------------------------------------
     0 | D:1      | Mrkan the Barachi Fighter began the quest for the Orb.
     0 | D:1      | Reached XP level 1. HP: 18/18 MP: 1/1
   100 | D:1      | Reached XP level 2. HP: 21/25 MP: 2/2
   102 | D:1      | Reached skill level 3 in Long Blades
   566 | D:2      | Reached XP level 3. HP: 16/30 MP: 3/3
   853 | D:2      | Noticed Natasha
   857 | D:2      | Killed Natasha
   857 | D:2      | Reached skill level 4 in Long Blades
   857 | D:2      | Reached XP level 4. HP: 14/37 MP: 4/4
  1029 | D:2      | Found a glowing golden altar of the Shining One.
  1091 | D:2      | Noticed Natasha
  1105 | D:2      | Killed Natasha
  1167 | D:2      | Found a shimmering altar of Xom.
  1450 | D:2      | Noticed Natasha
  1531 | D:2      | Killed Natasha
  1531 | D:2      | Reached XP level 5. HP: 13/43 MP: 5/5
  2069 | D:3      | Reached skill level 5 in Long Blades
  2200 | D:3      | HP: 2/43 [gnoll/+0 whip (5)]
  2201 | D:3      | Slain by a gnoll

Skill      XL: |  1  2  3  4  5 |
---------------+----------------+-----
Long Blades    | 3 4 5 |  5.2
Fighting       | 4 |  4.9
Shields        | 4 |  4.4
Armour         | |  3.6

Action                   |  1- 3 |  4- 6 || total
-------------------------+-------+-------++-------
Melee: Long sword        |    98 |   145 ||   243
  Use: Potion            |       |     1 ||     1
  Eat: Chunk             |       |     2 ||     2
       Ration            |       |     1 ||     1
Armor: Scale mail        |    48 |     1 ||    49
       Chain mail        |       |    95 ||    95
Dodge: Dodged            |    23 |    34 ||    57
Block: Shield            |    59 |    80 ||   139
       Rpst.: Long sword |     9 |    11 ||    20
